 Dungeon Crawl Stone Soup version 0.27.0-1-g7a089689b8 (webtiles) character file.

Game seed: 15722150810811838831

1242 shoop the Skirmisher (level 8, -2/59 HPs)
             Began as a Djinni Delver on Aug 3, 2021.
             Was a Believer of Zin.
             Slain by Edmund (10 damage)
             ... on level 5 of the Dungeon.
             The game lasted 00:11:16 (5113 turns).

shoop the Skirmisher (Djinni Delver)                Turns: 5113, Time: 00:11:17

Health: -2/59      AC:  7    Str: 12    XL:     8   Next: 78%
Gold:   194        EV: 12    Int: 13    God:    Zin [**....] SH:  0 Dex: 15

rFire    + + .     SeeInvis .   a - +0 falchion
rCold    x . .     Faith    .   (no shield)
rNeg     . . .     Spirit   .   b - +0 leather armour
rPois    ∞         Reflect  .   i - +2 helmet
rElec    .         Harm     .   (no cloak)
rCorr    .         Rampage  .   f - +0 pair of gloves
Will     .....                  (boots unavailable)
Stlth    ++........             e - amulet of regeneration
HPRegen  1.19/turn              m - +4 ring of slaying
MPRegen  0.00/turn              (no ring)

@: on recite cooldown, flying
A: sickness immunity, fire resistance 2, cold vulnerability 1, float, innate
caster, hp casting, extra vitality 1
a: Renounce Religion, Recite, Vitalisation, Donate Gold


You were on level 5 of the Dungeon.
You worshipped Zin.
Zin was pleased with you.
You visited 1 branch of the dungeon, and saw 6 of its levels.
You also visited: Sewer.

You collected 215 gold pieces.
You donated 21 gold pieces to Zin.

Inventory:

Hand Weapons
 a - a +0 falchion (weapon)
 I - a +0 short sword of distortion
Missiles
 r - 5 boomerangs of dispersal (quivered)
Armour
 b - a +0 leather armour (worn)
 f - a +0 pair of gloves (worn)
 h - a scarf of harm
 i - a +2 helmet (worn)
Jewellery
 e - an amulet of regeneration (around neck)
 m - a +4 ring of slaying (left hand)
 C - a ring of see invisible
Wands
 g - a wand of digging (3)
 o - a wand of flame (12)
 z - a wand of acid (10)
Scrolls
 c - 2 scrolls of fog
 d - 3 scrolls of magic mapping
 j - a scroll of holy word {unknown}
 l - 2 scrolls of teleportation {unknown}
 p - a scroll of vulnerability
 s - a scroll of immolation
 v - a scroll of blinking {unknown}
 x - a scroll of fear
 y - a scroll of enchant weapon
 A - a scroll of amnesia {unknown}
 B - a scroll of acquirement {unknown}
Potions
 n - 2 potions of cancellation {unknown}
 q - 2 potions of heal wounds {unknown}
 t - a potion of flight
 u - a potion of curing
 w - 3 potions of mutation {unknown}
 D - a potion of resistance
 E - 3 potions of haste
 F - a potion of brilliance {unknown}
 G - 2 potions of invisibility {unknown}
 H - 2 potions of magic {unknown}


   Skills:
 + Level 5.3 Fighting
 + Level 4.8 Long Blades
 + Level 1.6 Armour
 + Level 2.5 Dodging
 + Level 4.1 Stealth
 + Level 3.0 Spellcasting
 + Level 4.0 Invocations
 + Level 3.0 Evocations


You had 7 spell levels left.
You knew the following spells:

 Your Spells              Type           Power      Damage    Failure   Level
a - Shock                 Conj/Air       36%        1d5       9%          1
b - Slow                  Hex            9%         N/A       13%         2
c - Ignite Poison         Fire/Tmut/Pois 9%         N/A       26%         3
Your spell library was empty.

Dungeon Overview and Level Annotations

Branches:
Dungeon (6/15)              Sewer (visited)
 Temple: D:4-7

Altars:
Elyvilon
Hepliaklqana
Nemelex Xobeh
Vehumet
Zin
The Shining One

Annotations:
D:4 2 transporters, Dowan; Duvessa; seveneves's ghost, amateur MiFi
D:5 Edmund; Eustachio; Sigmund


Innate Abilities, Weirdness & Mutations

You are immune to sickness and miasma.
You are immune to poison.
Your flesh is very heat resistant. (rF++)
You are vulnerable to cold. (rC-)
You float through the air rather than walking.
You learn spells naturally, not from books.
Your magical power is your life essence.
You have superior vitality. (+4 HP)


Message History

The howler monkey skeleton is moderately damaged.
You completely miss Edmund.
Edmund is lightly wounded.
Edmund barely misses you. The howler monkey skeleton hits you.
* * * LOW HITPOINT WARNING * * *
You hit Edmund.
Edmund is lightly wounded.
Edmund hits you with a +3 flail of protection!
* * * LOW HITPOINT WARNING * * *
The howler monkey skeleton hits you but does no damage.
Unknown command.
You slash Edmund!
Edmund is moderately wounded.
Edmund hits you with a +3 flail of protection.
* * * LOW HITPOINT WARNING * * *
The howler monkey skeleton hits you.
* * * LOW HITPOINT WARNING * * *
Unknown command.
You hit Edmund.
Edmund is moderately wounded.
Edmund says, "Everyone always remembers my brother. 'Who's Edmund?' they ask!"
Edmund hits you with a +3 flail of protection!
Zin protects you from harm!
The howler monkey skeleton barely misses you.
You riposte.
You slash the howler monkey skeleton!
The howler monkey skeleton is severely damaged.
Edmund barely misses you.
You slash Edmund!
Edmund is heavily wounded.
The howler monkey skeleton barely misses you.
Edmund closely misses you. The howler monkey skeleton misses you.
Unknown command.
You barely miss Edmund.
Edmund is heavily wounded.
Edmund completely misses you. The howler monkey skeleton misses you.
Unknown command.
You barely miss Edmund.
Edmund is heavily wounded.
Edmund hits you with a +3 flail of protection!
You die...

#..........#.#### #..).......
#..........#....###############
##.#########...................
#.# #....############### #+#
#....# #....# #....# . #....#
... #.Z@.# .)...##.@..#
..).....#### ##......# #......#
#......# #......# #......#
######## ###+####......#
#.......


You could see Edmund and a howler monkey skeleton.

Vanquished Creatures
  Grinder (D:6)
  A sky beast (D:5)
  A necrophage (D:4)
  A centaur (D:6)
  A kobold brigand (Sewer)
  A bullfrog (D:6)
  2 scorpions (D:5)
  A water moccasin zombie (D:6)
  A howler monkey (D:4)
  2 bullfrog zombies
  2 centaur zombies (D:5)
  A hound (D:5)
  A jelly (D:4)
  A hound skeleton (D:5)
  Robin (D:4)
  5 adders
  A gnoll (D:1)
  A howler monkey skeleton (D:4)
  7 river rats
  An adder skeleton (D:4)
  2 worms
  2 dart slugs
  4 orcs
  7 giant cockroaches
  14 goblins
  9 hobgoblins
  3 jackals (D:1)
  24 kobolds
  2 quokkas
  8 ball pythons
  3 bats
  4 frilled lizards
  25 rats
140 creatures vanquished.

Notes
Turn   | Place    | Note
-------+----------+-------------------------------------------
     0 | D:5      | shoop the Djinni Delver began the quest for the Orb.
     0 | D:5      | Reached XP level 1. HP: 20/20 MP: 0/0
    44 | D:5      | Noticed a scorpion
   107 | D:5      | Reached XP level 2. HP: 13/25 MP: 0/0
   107 | D:5      | Reached XP level 3. HP: 15/30 MP: 0/0
   107 | D:5      | Learned a level 1 spell: Shock
   298 | D:4      | Found a transporter.
   298 | D:4      | Noticed seveneves's ghost (amateur MiFi)
   300 | D:4      | Found a transporter.
   467 | D:3      | Found a faded altar of an unknown god.
   467 | D:3      | Found a faded altar of an unknown god.
   472 | D:3      | Found a glowing silver altar of Zin.
   474 | D:3      | Found a sparkling altar of Nemelex Xobeh.
   492 | D:3      | Became a worshipper of Zin the Law-Giver
   778 | D:1      | Reached XP level 4. HP: 35/35 MP: 0/0
   907 | D:1      | Noticed a golden eye
   910 | D:1      | Found a faded altar of an unknown god.
   911 | D:1      | Noticed an eye of devastation
   911 | D:1      | Noticed a great orb of eyes
   911 | D:1      | Noticed a great orb of eyes
  1049 | D:1      | Reached skill level 1 in Spellcasting
  1494 | D:2      | You are sucked into a shaft and drop 2 floors!
  1494 | D:4      | Noticed Robin
  1498 | D:4      | Noticed a necrophage
  1514 | D:4      | Killed a necrophage
  1515 | D:4      | Reached XP level 5. HP: 21/40 MP: 0/0
  1515 | D:4      | Learned a level 2 spell: Slow
  1720 | D:3      | Found a hazy altar of Hepliaklqana.
  1839 | D:2      | Reached * piety under Zin
  2045 | D:2      | You are sucked into a shaft and drop 2 floors!
  2053 | D:4      | Killed Robin
  2054 | D:4      | Reached XP level 6. HP: 46/46 MP: 0/0
  2155 | D:4      | Reached skill level 1 in Evocations
  2333 | D:4      | Noticed Duvessa
  2448 | D:4      | Noticed Dowan
  2488 | D:4      | Found a glowing golden altar of the Shining One.
  3381 | D:4      | Reached ** piety under Zin
  3540 | D:5      | Noticed Eustachio
  3626 | D:5      | Reached skill level 1 in Invocations
  3674 | D:5      | Found a white marble altar of Elyvilon.
  3689 | D:5      | Reached XP level 7. HP: 50/50 MP: 0/0
  3689 | D:5      | Learned a level 3 spell: Ignite Poison
  3928 | D:5      | Noticed Sigmund
  4106 | D:6      | Noticed Grinder
  4125 | D:6      | Paralysed by Grinder for 5 turns
  4139 | D:6      | Killed Grinder
  4140 | D:6      | Reached skill level 4 in Fighting
  4140 | D:6      | Reached XP level 8. HP: 40/58 MP: 0/0
  4266 | D:6      | Reached skill level 5 in Fighting
  4332 | D:6      | Found a glowing drain.
  4340 | Sewer    | Entered a sewer
  4584 | Sewer    | Reached skill level 1 in Armour
  5087 | D:5      | Noticed Edmund
  5110 | D:5      | Zin protects you from harm!
  5113 | D:5      | Slain by Edmund

Illustrated notes

Levels and vault maps discovered:
D:1:      dpeg_arrival_stone_temple_mockup, layout_basic,
          hellmonk_ecumenical_altar_watching_god
D:2:      layout_loops_ring
D:3:      layout_basic, worldfamousw_hep_ancestral_shrine,
          chequers_temple_overflow_minitemple
D:4:      layout_basic, lemuel_doored_altar, gammafunk_ghost_arena,
          kennysheep_cross_room, hangedman_abyss_or_decor_lesser_grid,
          uniq_robin, uniq_duvessa
D:5:      layout_basic, mainiacjoe_overflow_24_doors, uniq_edmund, uniq_sigmund,
          uniq_eustachio
D:6:      layout_gridville, minmay_temple_entry_antechambers,
          portal_sewer_entry_e, uniq_grinder

Skill      XL: |  1  2  3  4  5  6  7  8 |
---------------+-------------------------+-----
Long Blades    | 3 4 |  4.8
Spellcasting   | 2 3 |  3.0
Evocations     | 2 3 |  3.0
Invocations    | 1 4 |  4.0
Fighting       | 4 5 |  5.3
Armour         | 1 |  1.6
Dodging        | |  2.5
Stealth        | |  4.1

Action                   |  1- 3 |  4- 6 |  7- 9 || total
-------------------------+-------+-------+-------++-------
Melee: Falchion          |    49 |   167 |   216 ||   432
 Cast: Shock             |     3 |     5 |     4 ||    12
Invok: Recite            |       |     1 |     4 ||     5
  Use: Scroll            |       |     1 |     6 ||     7
       Potion            |       |     1 |       ||     1
 Stab: Sleeping          |     3 |     9 |     4 ||    16
Armor: Leather armour    |    16 |    56 |    84 ||   156
Dodge: Dodged            |    37 |   117 |   160 ||   314
       Rpst.: Falchion   |    11 |    38 |    55 ||   104
